 Dungeon Crawl Stone Soup version 0.32-a0-893-gf85d74f360 (webtiles) character file.

Game seed: 2273882745592583529

8595 pokedragonboy the Cleaver (level 11, -1/103 HPs)
             Began as a Naga Warper on Apr 3, 2024.
             Was a Priest of Cheibriados.
             Slain by Snorg (2 damage)
             ... on level 10 of the Dungeon.
             The game lasted 00:43:46 (13971 turns).

pokedragonboy the Cleaver (Naga Warper)            Turns: 13971, Time: 00:43:46

Health: -1/103     AC: 10    Str: 34    XL:     11   Next: 33%
Magic:  1/13       EV:  9    Int: 18    God:    Cheibriados [***...]
Gold:   105        SH:  0    Dex: 24    Spells: 12/24 levels left

rFire   + + .        D - +4 war axe of the Resonant God {antimagic, ^Contam rCorr Dex+4 Stlth+}
rCold   + . .        (no shield)
rNeg    . . .        k - +3 leather armour "Wuminlal" {MP+9 Str+8 Int-4 Stlth-}
rPois   +            I - +2 hat "Zunaodaa" {rF+ MP+9 Dex+2}
rElec   .            B - scarf {rC+ rF+}
rCorr   +            (no gloves)
SInv    +            (no barding)
Will    ++...        J - amulet of faith
Stlth   ++           E - ring of flight
HPRegen 0.37/turn    G - ring of willpower
MPRegen 0.13/turn

%: faith
@: short of breath, flying, very slow
A: AC +3, large, see invisible, deformed body, poison resistance, slowness 2,
spit poison 1, naga tail 1, horns 1, screaming 1, inability to read after injury
1
a: Spit Poison, Renounce Religion, Bend Time, Temporal Distortion


You were on level 10 of the Dungeon.
You worshipped Cheibriados.
Cheibriados was most pleased with you.
You visited 2 branches of the dungeon, and saw 11 of its levels.
You also visited: Bailey.

You collected 753 gold pieces.
You spent 648 gold pieces at shops.

Inventory:

Hand Weapons
 b - a +0 broad axe
 x - a +0 battleaxe
 A - a +1 heavy war axe
 D - the +4 war axe of the Resonant God (weapon) {antimagic, ^Contam rCorr Dex+4 Stlth+}
   (You found it on level 5 of the Dungeon)

   Dex+4:     It affects your dexterity (+4).
   ^Contam:   It causes magical contamination when unequipped.
   rCorr:     It protects you from acid and corrosion.
   Stlth+:    It makes you more stealthy.
 H - a +3 halberd of freezing
 K - a +2 trident of draining
 Q - a +2 hand axe of electrocution
Missiles
 d - 5 darts of dispersal
 q - 6 datura-tipped darts
 y - 13 poisoned darts
 z - a throwing net
 N - 2 curare-tipped darts
Armour
 k - the +3 leather armour "Wuminlal" (worn) {MP+9 Str+8 Int-4 Stlth-}
   (You bought it in a shop on level 8 of the Dungeon)

   Str+8:     It affects your strength (+8).
   Int-4:     It affects your intelligence (-4).
   MP+9:      It affects your magic capacity (+9).
   Stlth-:    It makes you less stealthy.
 r - +0 acid dragon scales
 s - the +0 chain mail "Gischimokk" {rN+ Will+ SInv}
   (You found it on level 3 of the Dungeon)

   rN+:       It protects you from negative energy.
   Will+:     It increases your willpower.
   SInv:      It lets you see invisible.
 B - a scarf of resistance (worn)
 I - the +2 hat "Zunaodaa" (worn) {rF+ MP+9 Dex+2}
   (You found it on level 7 of the Dungeon)

   Dex+2:     It affects your dexterity (+2).
   rF+:       It protects you from fire.
   MP+9:      It affects your magic capacity (+9).
 L - an orb of energy
 S - a +0 leather armour of poison resistance
Jewellery
 w - an amulet of reflection
 E - a ring of flight (left hand)
 G - a ring of willpower (right hand)
 J - an amulet of faith (around neck)
 P - an amulet of regeneration
Wands
 t - a wand of warping (6)
 v - a wand of flame (36)
Scrolls
 e - 4 scrolls of vulnerability
 h - a scroll of poison
 i - a scroll of immolation
 j - a scroll of noise
 m - 2 scrolls of enchant weapon
 u - 4 scrolls of teleportation
 O - a scroll of enchant armour
Potions
 a - a potion of might
 c - a potion of lignification
 f - 3 potions of haste
 g - a potion of curing
 n - a potion of ambrosia
 o - 3 potions of brilliance
 p - a potion of attraction
 F - a potion of magic {unknown}
 M - 3 potions of cancellation


   Skills:
 + Level 8.1 Fighting
 * Level 10.2 Axes
 - Level 0.8 Throwing
 - Level 0.7 Armour
 - Level 1.5 Dodging
 + Level 7.4 Spellcasting
 + Level 8.7 Translocations
 - Level 3.0 Air Magic
 + Level 2.0 Invocations


You had 12 spell levels left.
You knew the following spells:

 Your Spells              Type           Power      Damage    Failure   Level
c - Vhi's Electric Charg  Tloc/Air       54%        N/A       11%         4
d - Maxwell's Portable P  Tloc           37%        2d(8-24)  1%          3
j - Teleport Other        Tloc           37%        N/A       1%          3
n - Blink                 Tloc           74%        N/A       1%          2

Your spell library contained the following spells:

 Spells                   Type           Power      Damage    Failure   Level
 Lesser Beckoning         Tloc           74%        N/A       1%          2
 Mercury Vapours          Alch/Air       24%        N/A       10%         2
 Magic Dart               Conj           24%        1d4       12%         1
 Call Imp                 Summ           12%        N/A       17%         2
 Mephitic Cloud           Conj/Alch/Air  10%        N/A       22%         3
 Dazzling Flash           Conj/Hex       12%        N/A       34%         3
 Inner Flame              Hex/Fire       6%         N/A       34%         3
 Flame Wave               Conj/Fire      6%         2d5       75%         4
 Sticky Flame             Fire/Alch      6%         2d4       75%         4
 Freezing Cloud           Conj/Ice/Air   5%         6-21      91%         5
 Starburst                Conj/Fire      3%         6d3       100%        6
 Maxwell's Capacitive Co  Air            8%         ∞         100%        8


Dungeon Overview and Level Annotations

Branches:
Dungeon (10/15)            Temple (1/1) D:6          Bailey (visited)
   Lair: D:8-11         Orc: D:9-12

Altars:
Ashenzari
Cheibriados
Dithmenos
Elyvilon
Fedhas
Gozag
Hepliaklqana
Kikubaaqudgha
Makhleb
Nemelex Xobeh
Okawaru
Qazlal
Ru
Sif Muna
Trog
Uskayaw
Vehumet
Wu Jian
Xom
Yredelemnul
Zin
The Shining One

Shops:
D:5 (   D:8 [

Annotations:
D:4 1 runed translucent door
D:10 Snorg


Innate Abilities, Weirdness & Mutations

Your serpentine skin is tough. (AC +3)
You have supernaturally acute eyesight. (SInv)
Armour fits poorly on your strangely shaped body.
Your system is resistant to poisons. (rPois)
You cover ground very slowly.
You can spit poison.
You have a snake-like lower body.
You have a pair of small horns on your head.
You occasionally shout uncontrollably at your foes.
You occasionally lose the ability to read scrolls when taking damage.


Message History

You destroy the orc skeleton!
You hear a shout!
You feel better.
Snorg rages.
You feel better.
Snorg rages.
Casting: Blink (safe; 1% risk of failure)
Confirm with . or Enter, or press ? or * to list all spells.
Okay, then.
Aiming: Spit Poison (1% risk of failure)
Press: ? - help, Q - select action, (/) - cycle Shift-Dir - straight line, f/p - Snorg
Aim: Snorg (severely wounded, berserk, 64% to hit)
The splash of poison hits Snorg.
Snorg is poisoned.
Snorg is severely wounded.
You feel ready to blink again.
You slash Snorg!
Snorg is severely wounded.
Snorg bites you. Snorg claws you! Snorg closely misses you.
Snorg completely misses you. Snorg claws you. x2
* * * LOW HITPOINT WARNING * * *
You closely miss Snorg.
Snorg is severely wounded.
Snorg barely misses you. Snorg claws you!
* * * LOW HITPOINT WARNING * * *
Snorg claws you but does no damage.
Casting: Blink (safe; 1% risk of failure)
Confirm with . or Enter, or press ? or * to list all spells.
Okay, then.
Aiming: Mindburst
Press: ? - help, Shift-Dir - straight line, f/p - Snorg
Aim: Snorg (severely wounded, berserk, poisoned, chance to affect: 29%) Snorg easily resists.
The now-empty wand crumbles to dust.
Snorg bites you.
* * * LOW HITPOINT WARNING * * *
Snorg claws you!
* * * LOW HITPOINT WARNING * * *
Snorg claws you.
* * * LOW HITPOINT WARNING * * *
Snorg bites you.
You die...
Cheibriados appreciates the motionlessness of death.

.. # #.# .# ..#
########.######
.............# #..
#.# #.# #..####.# ..#
#..##...# #.#
#..##.#T# #.#
#......@####.# #.#
#............# #.#
#.#.#......###
#.########.#.###.##.#
#......[....>....# .#
....######.####### #
###.# #.# #.# #.# #.#
#.#


You could see Snorg (berserk, poisoned).

Vanquished Creatures
  2 vault guards (Bailey)
  A two-headed ogre (D:9)
  Sonja (D:10)
  Pikel (D:5)
  Jeremiah (D:7)
  An efreet (D:9)
  A hornet (D:9)
  Prince Ribbit (Bailey)
  6 yaks
  A steam dragon (D:7)
  3 humans (Bailey)
  An acid dragon (D:9)
  2 black bears
  An ice beast (D:5)
  3 orc warriors
  A sky beast (D:7)
  2 centaurs
  A phantom (D:5)
  A kobold brigand (D:10)
  11 bullfrogs
  2 scorpions
  4 wights
  6 killer bees (D:8)
  An electric eel (D:6)
  5 hounds
  2 bombardier beetles (D:4)
  6 orc priests
  A jelly (D:7)
  Ijyb (D:5)
  8 orc wizards
  4 iguanas
  16 gnolls
  5 adders
  4 white imps
  2 ufetubi (D:6)
  8 ribbon worms
  15 orcs
  15 ball pythons
  8 endoplasms
  3 giant cockroaches
  13 goblins
  5 hobgoblins
  8 quokkas
  7 bats
  3 frilled lizards (D:1)
  A gnoll skeleton (D:10)
  A goblin zombie (D:4)
  16 kobolds
  An orc skeleton (D:10)
  4 orc zombies (D:10)
  7 rats
224 creatures vanquished.

Vanquished Creatures (others)
  3 orcs
3 creatures vanquished.

Grand Total: 227 creatures vanquished

Notes
Turn   | Place    | Note
-------+----------+-------------------------------------------
     0 | D:1      | pokedragonboy the Naga Warper began the quest for the Orb.
     0 | D:1      | Reached XP level 1. HP: 19/19 MP: 3/3
    97 | D:1      | Reached XP level 2. HP: 10/26 MP: 5/5
   301 | D:1      | HP: 1/26 [frozen (5)]
   423 | D:1      | Reached XP level 3. HP: 32/32 MP: 6/6
   476 | D:1      | You fall into a shaft and drop 1 floor!
   522 | D:2      | Learned a level 2 spell: Blink
   526 | D:2      | Learned a level 3 spell: Teleport Other
   977 | D:2      | Reached XP level 4. HP: 35/40 MP: 7/7
  1316 | D:3      | Identified the +0 chain mail "Gischimokk" {rN+ Will+ SInv}
  1340 | D:3      | Reached skill level 3 in Axes
  1658 | D:3      | Found an iron altar of Okawaru.
  1761 | D:3      | Noticed a black bear
  1774 | D:3      | Killed a black bear
  1775 | D:3      | Reached XP level 5. HP: 20/48 MP: 8/8
  1877 | D:3      | Learned a level 3 spell: Maxwell's Portable Piledriver
  2062 | D:3      | Found a glowing golden altar of the Shining One.
  2419 | D:3      | Reached XP level 6. HP: 13/56 MP: 10/10
  2885 | D:4      | Found a runed translucent door.
  2886 | D:4      | Noticed a human
  2889 | D:4      | Found a basalt altar of Yredelemnul.
  2952 | D:4      | Reached skill level 4 in Axes
  3428 | D:4      | Reached skill level 5 in Translocations
  3428 | D:4      | Reached XP level 7. HP: 24/62 MP: 10/12
  3915 | D:4      | Found a stormy altar of Qazlal.
  3920 | D:4      | Found an ancient bone altar of Kikubaaqudgha.
  3989 | D:4      | Learned a level 4 spell: Vhi's Electric Charge
  4304 | D:4      | Gained mutation: You are occasionally teleported next to
                  | monsters. [potion of mutation]
  4305 | D:4      | Lost mutation: You are occasionally teleported next to
                  | monsters. [potion of mutation]
  4305 | D:4      | Gained mutation: You occasionally lose the ability to read
                  | scrolls when taking damage. [potion of mutation]
  4305 | D:4      | Gained mutation: You occasionally shout uncontrollably at
                  | your foes. [potion of mutation]
  4305 | D:4      | Gained mutation: You have a pair of small horns on your
                  | head. [potion of mutation]
  4331 | D:5      | Entered Level 5 of the Dungeon
  5094 | D:5      | Reached XP level 8. HP: 57/73 MP: 14/14
  5098 | D:5      | Reached skill level 5 in Axes
  5227 | D:5      | Noticed Pikel
  5229 | D:5      | Noticed Ijyb
  5234 | D:5      | Killed Ijyb
  5240 | D:5      | Killed Pikel
  5241 | D:5      | Reached skill level 5 in Fighting
  5514 | D:5      | Identified the +4 war axe of the Resonant God {antimagic,
                  | ^Contam rCorr Dex+4 Stlth+}
  5647 | D:5      | Found Luisegoaxi's Weapon Shoppe.
  5795 | D:5      | Found a broken altar of Ashenzari.
  6007 | D:6      | Found a sacrificial altar of Ru.
  6106 | D:6      | Reached skill level 5 in Spellcasting
  6437 | D:7      | Reached skill level 6 in Axes
  6449 | D:7      | Reached XP level 9. HP: 65/81 MP: 5/16
  6703 | D:7      | Identified the +2 hat "Zunaodaa" {rF+ MP+9 Dex+2}
  7181 | D:7      | Noticed Jeremiah
  7190 | D:7      | Killed Jeremiah
  8087 | D:6      | Found a staircase to the Ecumenical Temple.
  8095 | Temple   | Entered the Ecumenical Temple
  8101 | Temple   | Became a worshipper of Cheibriados the Contemplative
  8258 | D:6      | Reached skill level 7 in Axes
  8351 | D:7      | HP: 3/82 [yak (12)]
  8360 | D:7      | Reached skill level 1 in Air Magic
  8375 | D:7      | HP: 1/82 [yak (10)]
  8719 | D:7      | Reached skill level 8 in Axes
  8719 | D:7      | Reached XP level 10. HP: 31/92 MP: 6/19
  9090 | D:7      | Reached * piety under Cheibriados
  9895 | D:8      | Found Quulooly's Armour Emporium.
 10085 | D:8      | Reached ** piety under Cheibriados
 10945 | D:9      | Found a flagged portal.
 10994 | Bailey   | Entered a bailey
 11316 | Bailey   | Reached skill level 9 in Axes
 11358 | Bailey   | Noticed a vault guard
 11390 | Bailey   | Killed a vault guard
 11644 | Bailey   | Noticed Prince Ribbit
 11644 | Bailey   | Noticed a vault guard
 11690 | Bailey   | Reached *** piety under Cheibriados
 11890 | Bailey   | Killed a vault guard
 11891 | Bailey   | Reached XP level 11. HP: 20/102 MP: 1/21
 11894 | Bailey   | Killed Prince Ribbit
 12384 | D:9      | Noticed a two-headed ogre
 12678 | D:8      | Bought the +3 leather armour "Wuminlal" {MP+9 Str+8 Int-4
                  | Stlth-} for 648 gold pieces
 12971 | D:9      | Killed a two-headed ogre
 12972 | D:9      | Reached skill level 10 in Axes
 12972 | D:9      | Reached skill level 1 in Invocations
 13305 | D:10     | Entered Level 10 of the Dungeon
 13305 | D:10     | Noticed Snorg
 13344 | D:10     | Noticed Sonja
 13350 | D:10     | Killed Sonja
 13971 | D:10     | HP: 1/103 [Snorg (5)]
 13971 | D:10     | Slain by Snorg

Illustrated notes

Levels and vault maps discovered:
D:1:      pf_arrival_petrified_forest, layout_rooms, serial_shops,
          nicolae_shop_rolled_up
D:2:      kennysheep_six_static_rooms, layout_rooms, minmay_cupped
D:3:      layout_loops_corners, mainiacjoe_overflow_alcove_2,
          amcnicky_altar_gilded, solitary_fountain
D:4:      wad_river_or_something, layout_basic, dk_yredelemnul_ordeal,
          grunt_temple_overflow_open, saegor_snake_ambush
D:5:      layout_loops_ring, ashenzari_conservatory_becter, serial_shops,
          nicolae_shop_tiny_glass, uniq_ijyb, uniq_pikel
D:6:      layout_basic, lemuel_round_altar, minmay_temple_entry_enclosed_plants,
          kennysheep_dice
D:7:      layout_gridville, nrook_campfire, uniq_jeremiah
D:8:      layout_loops_corners, serial_shops, shop, dreamdust_mushroom_princess
D:9:      layout_rooms, enter_bailey_2, serial_curves, eino_curves_04,
          eino_curves_04, kennysheep_just_a_vault
D:10:     layout_loops_ring, zombieorc2_lemuel, st_stairs_4, uniq_sonja,
          uniq_snorg, uniq_josephine
Temple:   nicolae_temple_no_exploring_needed

Skill      XL: |  1  2  3  4  5  6  7  8  9 10 11 |
---------------+----------------------------------+-----
Axes           | 3 4 6 8 9 10 | 10.2
Translocations | 4 5 6 7 8 |  8.7
Fighting       | 3 4 5 6 7 8 |  8.1
Spellcasting   | 3 4 5 6 7 |  7.4
Air Magic      | 2 3 |  3.0
Invocations    | 2 |  2.0
Throwing       | |  0.8
Armour         | |  0.7
Dodging        | |  1.5

Action                     |  1- 3 |  4- 6 |  7- 9 | 10-12 || total
---------------------------+-------+-------+-------+-------++-------
  Melee: Hand axe          |    71 |       |       |       ||    71
         Dagger            |    36 |   204 |   102 |       ||   342
         Headbutt          |       |       |    32 |    25 ||    57
         War axe           |       |       |    90 |   143 ||   233
  Throw: Dart              |     1 |     1 |       |       ||     2
   Cast: Blink             |       |       |     4 |     8 ||    12
         Maxwell's Portabl |       |       |     6 |    16 ||    22
         Teleport Other    |       |       |     1 |     3 ||     4
         Vhi's Electric Ch |       |       |       |     6 ||     6
 Invoke: Bend Time         |       |       |       |     1 ||     1
Ability: Spit Poison       |     3 |     9 |    14 |    14 ||    40
  Evoke: Wand              |       |     2 |    26 |    22 ||    50
    Use: Potion            |       |     2 |     5 |     7 ||    14
         Scroll            |       |     3 |     8 |    15 ||    26
   Stab: Sleeping          |       |       |     2 |       ||     2
         Invisible         |       |       |     1 |     5 ||     6
         Distracted        |       |       |       |     1 ||     1
 Armour: Leather armour    |    93 |   162 |   227 |   226 ||   708
  Dodge: Dodged            |    70 |    90 |   103 |    96 ||   359

Table legend: (Time is in decaauts)
 A = Elapsed time spent in this place.
 B = Non-inter-level travel time spent in this place.
 C = Inter-level travel time spent in this place.
 D = Time resting spent in this place.
 E = Time spent auto-exploring this place.
 F = Levels seen in this place.
 G = Mean time per level.
                   A        B        C        D        E       F      G
               +--------+--------+--------+--------+--------+-----+--------+
         Total |  18299 |  17435 |    864 |   4555 |  10153 |  12 | 1524.9 |
       Dungeon |  16683 |  15828 |    855 |   3600 |  10082 |  10 | 1668.3 |
        Temple |     18 |      9 |      9 |      0 |      0 |   1 |   18.0 |
        Bailey |   1597 |   1597 |      0 |    955 |     70 |   1 | 1597.0 |
               +--------+--------+--------+--------+--------+-----+--------+

Top non-repeatable levels by time:
     D:8: 2572 daAuts
     D:7: 2508 daAuts
     D:6: 2032 daAuts
     D:4: 1965 daAuts
     D:5: 1862 daAuts
     D:3: 1824 daAuts
  Bailey: 1597 daAuts
     D:9: 1520 daAuts
     D:2: 946 daAuts
    D:10: 907 daAuts
     D:1: 543 daAuts
  Temple: 18 daAuts
